[Event "Reykjavik Open 2014"]
[Site "Harpa - reykjavik"]
[Date "2014.03.05"]
[Round "3.1"]
[White "Naiditsch, Arkadij"]
[Black "Ezat, Mohamed"]
[Result "0-1"]
[ECO "B10"]
[WhiteElo "2706"]
[BlackElo "2439"]
[Annotator "peturla"]
[PlyCount "76"]
[EventDate "2014.??.??"]
[TimeControl "6000+1300"]
[WhiteClock "0:06:05"]
[BlackClock "0:13:59"]

1. e4 c6 2. Nc3 d5 3. Nf3 dxe4 4. Nxe4 Nf6 5. Nxf6+ exf6 6. Bc4 Bg4 7. O-O Be7
8. h3 Bh5 9. Re1 O-O 10. d4 Bd6 11. g4 Bg6 12. Nh4 Nd7 13. Bb3 Qc7 14. Nxg6
hxg6 15. Qf3 Rfe8 16. Bd2 Nf8 17. h4 Ne6 18. Re4 c5 19. c3 cxd4 20. cxd4 Qd7
21. Rae1 Nc7 22. h5 Rxe4 23. Rxe4 f5 24. hxg6 fxe4 25. Bxf7+ Kf8 26. Qh3 Ne6
27. d5 Nf4 28. Bxf4 Bxf4 29. Be6 Qa4 30. Qh8+ Ke7 31. Qxg7+ Kd6 32. b3 Qb4 33.
Bf5 Qe1+ 34. Kg2 e3 35. Qf6+ Kc5 36. Qe7+ Kb6 37. Qf6+ Ka5 38. b4+ Qxb4 0-1

[Event "Reykjavik Open 2014"]
[Site "Harpa - reykjavik"]
[Date "2014.03.05"]
[Round "3.4"]
[White "Amin, Bassem"]
[Black "Tania, Sachdev"]
[Result "1-0"]
[ECO "A06"]
[WhiteElo "2657"]
[BlackElo "2423"]
[Annotator "peturla"]
[PlyCount "87"]
[EventDate "2014.??.??"]
[TimeControl "6000+1545"]
[WhiteClock "0:41:34"]
[BlackClock "0:33:54"]

1. Nf3 d5 2. g3 Nf6 3. Bg2 Bf5 4. c4 e6 5. Qb3 Qc8 6. cxd5 exd5 7. Nc3 c6 8.
O-O Be7 9. d3 O-O 10. Nd4 Bd7 11. e4 dxe4 12. dxe4 Na6 13. Bf4 Bc5 14. Rfd1 Bg4
15. f3 Be6 16. Qc2 Bh3 17. Na4 Bxd4+ 18. Rxd4 Bxg2 19. Kxg2 Nc7 20. Bxc7 Qxc7
21. Rad1 Rfd8 22. Qd2 Rxd4 23. Qxd4 b6 24. Nc3 Re8 25. b4 h6 26. Qd6 Qxd6 27.
Rxd6 Rc8 28. f4 Kf8 29. Kf3 Ke7 30. Rd4 Nd7 31. Rc4 Kd8 32. e5 c5 33. b5 Nf8
34. f5 Rc7 35. Nd5 Rd7 36. Ke4 g6 37. g4 h5 38. fxg6 fxg6 39. gxh5 gxh5 40. Nf4
Rd2 41. Ra4 Rxh2 42. Rxa7 Nd7 43. e6 Nf6+ 44. Ke5 1-0

[Event "Reykjavik Open 2014"]
[Site "Harpa - reykjavik"]
[Date "2014.03.05"]
[Round "3.5"]
[White "Porper, Edward"]
[Black "Jones, Gawain C B"]
[Result "1/2-1/2"]
[ECO "E92"]
[WhiteElo "2427"]
[BlackElo "2651"]
[Annotator "peturla"]
[PlyCount "142"]
[EventDate "2014.??.??"]
[TimeControl "6000+1015"]
[WhiteClock "0:37:58"]
[BlackClock "0:12:05"]

1. d4 d6 2. Nf3 g6 3. c4 Bg7 4. Nc3 Nf6 5. e4 O-O 6. Be2 e5 7. d5 Na6 8. Bg5 h6
9. Bh4 g5 10. Bg3 Nxe4 11. Nxe4 f5 12. Nc3 f4 13. Nd2 fxg3 14. hxg3 Nc5 15.
Nde4 Nxe4 16. Nxe4 Bf5 17. Bd3 g4 18. O-O Qe8 19. Qb3 Qg6 20. Rae1 b6 21. Re3
h5 22. Nd2 Bh6 23. Bxf5 Rxf5 24. Re2 Bxd2 25. Rxd2 Raf8 26. Qe3 h4 27. gxh4 g3
28. Rd3 gxf2+ 29. Kh2 Rf4 30. Qg3 Kh7 31. Qxg6+ Kxg6 32. g3 Rxc4 33. Rd2 e4 34.
Rdxf2 Rxf2+ 35. Rxf2 Rd4 36. Rc2 Rxd5 37. Rxc7 Rd2+ 38. Kh3 e3 39. Re7 e2 40.
Kg4 Rxb2 41. a4 Kf6 42. Re3 Ra2 43. Kf3 Rxa4 44. Rxe2 b5 45. g4 b4 46. Re8 a5
47. g5+ Kf7 48. Rb8 Kg6 49. Rg8+ Kf7 50. Rb8 b3 51. Rxb3 Rxh4 52. Rb7+ Kg6 53.
Rb6 Rd4 54. Ke3 Rd1 55. Ra6 Kxg5 56. Rxa5+ Kf6 57. Ke2 Rd4 58. Ke3 Rd1 59. Ke2
Rh1 60. Kd3 Ke6 61. Rb5 Rd1+ 62. Ke2 Rh1 63. Kd3 d5 64. Rb8 Rd1+ 65. Ke2 Ra1
66. Kd3 Ra3+ 67. Kd4 Ra4+ 68. Kd3 Kd6 69. Rd8+ Kc6 70. Rc8+ Kd7 71. Rh8 Kd6
1/2-1/2

[Event "Reykjavik Open 2014"]
[Site "Harpa - reykjavik"]
[Date "2014.03.05"]
[Round "3.6"]
[White "Kobalia, Mikhail"]
[Black "Karavade, Eesha"]
[Result "1-0"]
[ECO "B90"]
[WhiteElo "2646"]
[BlackElo "2408"]
[Annotator "peturla"]
[PlyCount "165"]
[EventDate "2014.??.??"]
[TimeControl "6000+1175"]
[WhiteClock "0:09:03"]
[BlackClock "0:08:05"]

1. e4 c5 2. Nf3 d6 3. d4 cxd4 4. Nxd4 Nf6 5. Nc3 a6 6. Be3 Ng4 7. Bc1 Nf6 8.
Be3 Ng4 9. Bg5 h6 10. Bh4 g5 11. Bg3 Bg7 12. h3 Ne5 13. f3 Nbc6 14. Bf2 Be6 15.
Qd2 Rc8 16. O-O-O Qa5 17. Kb1 Nxd4 18. Bxd4 b5 19. Nd5 Qxd2 20. Rxd2 Bxd5 21.
exd5 O-O 22. h4 Bf6 23. hxg5 hxg5 24. Rh5 Nc4 25. Rd1 Ne5 26. Be3 Kg7 27. Bxg5
Bxg5 28. Rxg5+ Kf6 29. f4 Rh8 30. Be2 Rh4 31. g4 Rh2 32. Re1 Ng6 33. Bd3 Rch8
34. a4 bxa4 35. Re4 Rf2 36. Rxa4 a5 37. b3 Rh3 38. Rf5+ Kg7 39. Rg5 Kh6 40. Rf5
Kg7 41. Bb5 Rhh2 42. Rc4 Rhg2 43. Be8 f6 44. g5 fxg5 45. Rxg5 Rxg5 46. fxg5 Rf5
47. Bc6 Nf4 48. Re4 Nxd5 49. Bxd5 Rxd5 50. Rxe7+ Kg6 51. c4 Rd4 52. Ra7 Kxg5
53. Rxa5+ Kf6 54. Kc2 Ke7 55. Rd5 Rh4 56. Kc3 Kd7 57. Kb4 Kc6 58. Rg5 Rh1 59.
Ra5 Kb6 60. Ra8 Kb7 61. Rg8 Kb6 62. Rg6 Kc6 63. Rg2 Kb6 64. Ra2 Rh4 65. Rd2 Kc6
66. Ka5 Rh1 67. Ka4 Ra1+ 68. Kb4 Rh1 69. Kc3 Rh3+ 70. Rd3 Rh1 71. b4 Rh4 72.
b5+ Kc7 73. Rg3 Kb6 74. Rg8 Kc7 75. Rg7+ Kc8 76. b6 Rf4 77. Rc7+ Kd8 78. Kb4 d5
79. Kb5 dxc4 80. Rc5 Kd7 81. Rc7+ Kd6 82. Rc6+ Kd7 83. b7 1-0

[Event "Reykjavik Open 2014"]
[Site "Harpa - reykjavik"]
[Date "2014.03.05"]
[Round "3.8"]
[White "Van Kampen, Robin"]
[Black "Thorfinnsson, Bjorn"]
[Result "1-0"]
[ECO "C60"]
[WhiteElo "2603"]
[BlackElo "2389"]
[Annotator "peturla"]
[PlyCount "157"]
[EventDate "2014.??.??"]
[TimeControl "6000+1495"]
[WhiteClock "0:12:51"]
[BlackClock "0:11:19"]

1. e4 e5 2. Nf3 Nc6 3. Bb5 Nge7 4. Nc3 d6 5. d4 Bd7 6. d5 Nb8 7. Be3 Ng6 8. h4
h5 9. Be2 Bg4 10. g3 Nd7 11. Nd2 Bxe2 12. Qxe2 Nb6 13. a4 Qd7 14. a5 Nc8 15. a6
c5 16. axb7 Qxb7 17. Qa6 Rb8 18. Nc4 Qd7 19. Qc6 f5 20. Qxd7+ Kxd7 21. Ra6 Nge7
22. Bg5 fxe4 23. Bxe7 Bxe7 24. Nxe4 Rb7 25. Ke2 Nb6 26. Na5 Rc7 27. c4 Rb8 28.
Nc3 Ke8 29. b3 Nc8 30. Nb5 Rd7 31. Ra1 Bd8 32. Nc6 Rbb7 33. Ncxa7 Nxa7 34. Rxa7
Rxa7 35. Nxa7 g5 36. hxg5 Bxg5 37. Nb5 h4 38. Rh1 hxg3 39. fxg3 Be7 40. Kd3 Bf8
41. Ra1 Rg7 42. Rg1 Rg4 43. Nc3 Rd4+ 44. Ke2 Bh6 45. Rd1 Rg4 46. Kf3 Rg7 47.
Ne4 Rf7+ 48. Ke2 Bf8 49. Ra1 Rb7 50. Ra3 Kf7 51. Kf3 Kg6 52. Kg4 Rb6 53. Nc3
Rb7 54. Nb5 Rf7 55. Ra2 Rf1 56. Nc3 Re1 57. Re2 Rc1 58. Ne4 Rb1 59. Ra2 Rxb3
60. Nxd6 Bxd6 61. Ra6 Rc3 62. Rxd6+ Kf7 63. Kf5 Rxc4 64. Rd7+ Ke8 65. Rh7 e4
66. Ke6 Kf8 67. Rf7+ Kg8 68. Rf4 Rd4 69. d6 Kg7 70. d7 c4 71. Ke7 c3 72. d8=Q
Rxd8 73. Kxd8 e3 74. Rf1 Kg6 75. Ke7 Kg5 76. Re1 c2 77. Ke6 Kg4 78. Ke5 e2 79.
Ke4 1-0

[Event "Reykjavik Open 2014"]
[Site "Harpa - reykjavik"]
[Date "2014.03.05"]
[Round "3.9"]
[White "Soors, Stef"]
[Black "Grandelius, Nils"]
[Result "0-1"]
[ECO "B22"]
[WhiteElo "2394"]
[BlackElo "2600"]
[Annotator "peturla"]
[PlyCount "108"]
[EventDate "2014.??.??"]
[TimeControl "6000+1775"]
[WhiteClock "0:02:14"]
[BlackClock "0:15:53"]

1. e4 c5 2. c3 Nf6 3. e5 Nd5 4. d4 cxd4 5. Nf3 Nc6 6. cxd4 d6 7. Bc4 dxe5 8.
dxe5 Nb6 9. Qxd8+ Nxd8 10. Bb3 Be6 11. Nc3 Rc8 12. Be3 Nc4 13. Bxc4 Bxc4 14.
Bxa7 Nc6 15. Be3 Nb4 16. b3 Ba6 17. Kd2 g5 18. h3 Bg7 19. a3 Rd8+ 20. Kc1 Nd3+
21. Kc2 Nxe5 22. Nxe5 Bxe5 23. Rhd1 Rxd1 24. Rxd1 f6 25. Bc5 Kf7 26. b4 Rc8 27.
Na4 Rc7 28. Kb3 Be2 29. Re1 Bd3 30. Nb6 Bf5 31. a4 Be6+ 32. Ka3 Bd6 33. Rc1 h5
34. a5 h4 35. Ka4 f5 36. f3 Bg3 37. Kb5 g4 38. hxg4 fxg4 39. fxg4 Bxg4 40. Rc2
Bf5 41. Rd2 Be4 42. Kc4 Rc6 43. Nd5 Rg6 44. Bd4 Rg4 45. b5 Be1 46. Re2 Bxa5 47.
Ne3 Rf4 48. Ra2 Be1 49. Be5 Rf2 50. Ra1 Re2 51. Kd4 Bg6 52. Rd1 Bf2 53. Bf4
Bxe3+ 54. Bxe3 e5+ 0-1

[Event "Reykjavik Open 2014"]
[Site "Harpa - reykjavik"]
[Date "2014.03.05"]
[Round "3.17"]
[White "Englert, Fabian"]
[Black "Harika, Dronavalli"]
[Result "0-1"]
[ECO "C50"]
[WhiteElo "2317"]
[BlackElo "2487"]
[Annotator "peturla"]
[PlyCount "96"]
[EventDate "2014.??.??"]
[TimeControl "6000+1200"]
[WhiteClock "0:13:00"]
[BlackClock "0:06:08"]

1. e4 e5 2. Nf3 Nc6 3. Bc4 Nf6 4. d3 Bc5 5. c3 O-O 6. Bb3 d5 7. Nbd2 Be6 8. O-O
h6 9. h3 a6 10. Re1 Re8 11. Nf1 Qd7 12. Qe2 Rad8 13. Ng3 b5 14. Be3 Bf8 15.
Rad1 d4 16. Bxe6 Qxe6 17. cxd4 Nxd4 18. Nxd4 exd4 19. Bf4 c5 20. b3 a5 21. Bd2
Qa6 22. a4 bxa4 23. bxa4 Nd7 24. Rb1 Nb6 25. Rb5 Nxa4 26. Rxa5 Qc6 27. Rc1 Ra8
28. Nf5 Rxa5 29. Bxa5 Qa6 30. Bd2 Qe6 31. Qd1 Ra8 32. Qc2 Nb6 33. Rb1 Ra2 34.
Rb2 Rxb2 35. Qxb2 Kh7 36. f4 g6 37. Nh4 Bg7 38. f5 Qc6 39. Ba5 Nd7 40. fxg6+
fxg6 41. Qe2 c4 42. dxc4 Qc5 43. Qa2 Ne5 44. Be1 d3+ 45. Qf2 Qxc4 46. Qe3 Ng4
47. Qg3 d2 48. Bxd2 Bd4+ 0-1

[Event "Reykjavik Open 2014"]
[Site "Harpa - reykjavik"]
[Date "2014.03.05"]
[Round "3.18"]
[White "Bisby, Daniel L"]
[Black "Shoker, Samy"]
[Result "1-0"]
[ECO "B07"]
[WhiteElo "2314"]
[BlackElo "2466"]
[Annotator "peturla"]
[PlyCount "43"]
[EventDate "2014.??.??"]
[TimeControl "5400+620"]
[WhiteClock "0:26:02"]
[BlackClock "0:27:44"]

1. e4 d6 2. d4 Nf6 3. Nc3 g6 4. Bg5 h6 5. Bxf6 exf6 6. f4 f5 7. e5 c6 8. Nf3
Be6 9. Qd2 g5 10. d5 cxd5 11. O-O-O Nc6 12. Bb5 a6 13. Ba4 Bg7 14. Nxd5 dxe5
15. Nxe5 Rc8 16. Nxc6 bxc6 17. Qb4 a5 18. Qc5 gxf4 19. Rhe1 h5 20. Bxc6+ Rxc6
21. Qxc6+ Kf8 22. Qc5+ 1-0